 Dungeon Crawl Stone Soup version 0.22-a0-126-g307c7c3 (webtiles) character file.

6379 KristoblXynda the Grappler (level 10, 0/79 HPs)
             Began as a Vine Stalker Fighter on Jan 30, 2018.
             Was a Believer of Ru.
             Slain by an orc knight
             ... wielding a +0 glaive
              (6 damage)
             ... in a bailey.
             The game lasted 00:24:59 (9834 turns).

KristoblXynda the Grappler (Vine Stalker Fighter)   Turns: 9834, Time: 00:25:00

Health: 0/79       AC: 25    Str: 28    XL:     10   Next: 97%
Magic:  0/11       EV:  2    Int: 13    God:    Ru [**....]
Gold:   507        SH: 17    Dex: 15    Spells: 9/9 levels left

rFire    . . .     SeeInvis +     - Unarmed
rCold    . . .     Gourm    .   b - +0 shield
rNeg     + + +     Faith    .   (armour currently unavailable)
rPois    +         Spirit   +   (helmet currently unavailable)
rElec    .         Reflect  +   (cloak currently unavailable)
rCorr    .         Harm     .   (gloves currently unavailable)
MR       +....     NoTele   +   (boots currently unavailable)
Stlth    ..........             v - +5 amulet of reflection
HPRegen  0.63/turn              o - ring "Eva Qoch" {Int+2 SInv Stlth-}
MPRegen  0.12/turn              a - +5 ring of strength

@: mighty, tree-form
A: mutation resistance 1, regeneration 1, magic shield, no potion heal 3, rot
immunity, no stealth, no conjurations magic, no necromancy magic, no poison
magic
a: Renounce Religion


You were in a bailey.
You worshipped Ru.
Ru was pleased with you.
You were not hungry.
You were a tree.
You visited 2 branches of the dungeon, and saw 11 of its levels.
You also visited: Sewer and Bailey.

You collected 507 gold pieces.

Inventory:

Missiles
 h - 2 throwing nets (quivered)
Armour
 b - a +0 shield (worn)
 e - a +0 troll leather armour (melded)
 l - a +1 cloak (melded)
 w - a +1 pair of boots (melded)
 z - a +2 pair of gloves (melded)
Jewellery
 a - a +5 ring of strength (right branch)
 o - the ring "Eva Qoch" (left branch) {Int+2 SInv Stlth-}
   (You found it on level 7 of the Dungeon)

   [ring of loudness]

   It affects your intelligence (+2).
   It lets you see invisible.
   It makes you less stealthy.
 v - a +5 amulet of reflection (around neck)
Wands
 y - a wand of disintegration (11)
Scrolls
 f - 9 scrolls of remove curse
 g - 2 scrolls of fog
 i - a scroll of fear
 k - 4 scrolls of teleportation
 x - a scroll of immolation
Potions
 c - 4 potions of flight
 n - 3 potions of cancellation
 q - a potion of curing
 t - a potion of resistance
 A - a potion of brilliance
Books
 s - a book of Conjurations

   Spells                             Type                      Level
   a - Magic Dart                     Conjuration                  1
   b - Searing Ray                    Conjuration                  2
   c - Dazzling Spray                 Conjuration/Hexes            3
   d - Fulminant Prism                Conjuration/Hexes            4
   e - Force Lance                    Conjuration/Translocation    4
   f - Iskenderun's Mystic Blast      Conjuration                  4
 B - a book of Battle

   Spells                             Type                      Level
   a - Infusion                       Charms                       1
   b - Shroud of Golubria             Charms/Translocation         2
   c - Song of Slaying                Charms                       2
   d - Spectral Weapon                Hexes/Charms                 3
   e - Regeneration                   Charms/Necromancy            3
Comestibles
 d - 17 rations
 m - a chunk of flesh


   Skills:
 + Level 5.8 Fighting
 + Level 7.3 Armour
 + Level 4.5 Dodging
 + Level 8.0 Shields
 + Level 8.4 Unarmed Combat
 + Level 0.9 Evocations


You had 9 spell levels left.
You didn't know any spells.

Dungeon Overview and Level Annotations

Branches:
Dungeon (10/15)            Temple (1/1) D:7             Orc (0/2) D:9
   Lair: D:8-11

Altars:
Cheibriados
Dithmenos
Elyvilon
Fedhas
Gozag
Hepliaklqana
Kikubaaqudgha
Makhleb
Nemelex Xobeh
Okawaru
Qazlal
Ru
Sif Muna
Trog
Uskayaw
Vehumet
Wu Jian
Xom
Yredelemnul
Zin
The Shining One

Shops:
D:5 (   D:7 %

Annotations:
D:9 2 transporters


Innate Abilities, Weirdness & Mutations

((You have razor-sharp teeth.))
Your natural rate of healing is unusually fast.
When hurt, damage is shared between your health and your magic reserves.
((Your bite disrupts and absorbs the magic of your enemies.))
Potions cannot restore your health.
You are immune to rotting.
You cannot be stealthy.
You cannot study or cast Conjurations magic.
You cannot study or cast Necromancy magic.
You cannot study or cast Poison magic.
((You have a pair of small horns on your head.))
((You are partially covered in slimy green scales. (AC +2)))
You are somewhat resistant to further mutation.


Message History

The orc warriors go into a battle-frenzy!
You feel very mighty all of a sudden. The orc warrior hits you with a spear!
The orc knight hits you but does no damage.
Your shield prevents you from hitting the orc knight.
The orc knight is lightly wounded.
You block the orc warrior's attack. x2; The orc warrior hits you with a spear!
* * * LOW HITPOINT WARNING * * *
Unknown command.
You completely miss the orc knight.
The orc knight is lightly wounded.
The orc knight hits you with a glaive!
* * * LOW HITPOINT WARNING * * *
You block the orc warrior's attack. x3
You smack the orc knight!
The orc knight is moderately wounded.
You block the orc warrior's attack.
The orc warrior hits you but does no damage.
You block the orc warrior's attack. The orc knight hits you with a glaive!
You die...

..≈≈≈≈≈≈≈≈≈≈#########≈≈≈)≈≈≈≈≈≈..
..≈≈≈≈≈≈≈≈≈##≈≈≈≈≈≈≈## ≈≈≈≈≈≈≈..
..≈≈≈≈≈≈≈≈##≈≈#'#'#≈≈## ≈≈≈≈≈≈≈..
..≈≈≈≈≈≈≈≈#≈≈##)#)##≈≈# ≈≈≈≈≈≈≈..
..≈≈≈≈≈≈≈##≈#########≈# ≈≈≈≈≈≈≈..
..≈≈≈≈≈≈≈##≈'.#?.:#)'≈# ≈≈≈≈≈≈≈..
..≈≈≈≈≈≈≈##≈###.o.###≈# ≈≈≈≈≈≈≈(.
..≈≈≈≈≈≈≈##≈'.#ooo#)'≈# ≈≈≈≈≈≈≈..
..≈≈≈≈≈≈≈##≈####♣####≈# ≈≈≈≈≈≈≈..
(.≈≈≈≈≈≈≈##≈≈##∩)∩##≈≈# ≈≈≈≈≈≈≈..
..≈≈≈≈≈≈≈≈≈≈≈##'''#≈≈## ≈≈≈≈≈≈≈..
..≈≈≈≈≈≈≈≈≈≈(##≈≈≈≈≈## ≈≈≈≈≈≈≈..
..≈≈≈≈≈≈≈≈≈≈≈##≈≈≈≈##≈≈ ≈≈≈≈≈≈≈..
..≈≈#.#≈≈≈≈≈(#######≈≈≈≈≈≈#.#≈≈..
..≈##.∩#≈≈≈≈≈≈≈≈≈≈≈≈≈≈≈≈≈#∩.##≈..
..≈))^..≈≈≈)≈≈≈≈≈≈≈≈≈≈≈≈≈()^.)≈..
..≈##.##≈≈≈≈≈≈)≈≈≈≈≈≈≈≈≈≈##.##≈.(


You could see an orc knight and 3 orc warriors.

Vanquished Creatures
  A troll (D:9)
  The ghost of emikaela the Slasher, an amateur DrCK of Xom (D:3)
  2 hippogriffs
  2 hungry ghosts
  8 orc warriors
  An ice beast (D:9)
  2 sky beasts (D:6)
  3 phantoms
  8 ogres
  2 centaurs
  6 bullfrogs
  A scorpion (D:6)
  15 killer bees
  3 wights (D:6)
  4 howler monkeys
  3 crimson imps
  2 jellies
  2 quasits
  2 bullfrog zombies (D:5)
  A hound (D:10)
  A centaur zombie (D:6)
  5 orc priests
  9 orc wizards
  3 iguanas
  A merfolk avatar (Sewer)
  2 merfolk sirens (Sewer)
  5 worker ants
  A worker ant zombie (D:4)
  13 adders
  3 river rats
  A shadow imp (D:5)
  An ooze (D:4)
  3 adder skeletons
  An adder zombie (D:6)
  8 worms
  3 dart slugs
  12 leopard geckos
  31 orcs
  5 ball pythons
  6 bats
  11 giant cockroaches
  A gnoll zombie (D:4)
  14 goblins
  4 hobgoblins
  16 jackals
  14 kobolds
  A quokka (D:9)
  8 frilled lizards
  A giant cockroach zombie (D:5)
  A leopard gecko skeleton (D:5)
  34 rats
288 creatures vanquished.

Vanquished Creatures (others)
  4 orc warriors (Bailey)
  A boggart (D:9)
  A centaur (D:9)
  An ogre (D:7)
  5 orcs (Bailey)
12 creatures vanquished.

Grand Total: 300 creatures vanquished

Notes
Turn   | Place    | Note
-------+----------+-------------------------------------------
     0 | D:1      | KristoblXynda the Vine Stalker Fighter began the quest for the Orb.
     0 | D:1      | Reached XP level 1. HP: 11/11 MP: 2/2
    77 | D:1      | Reached XP level 2. HP: 16/16 MP: 3/3
   395 | D:1      | Reached XP level 3. HP: 19/19 MP: 4/4
  1065 | D:2      | Gained mutation: Your natural rate of healing is unusually fast. [Vine Stalker growth]
  1065 | D:2      | Reached XP level 4. HP: 19/23 MP: 5/5
  1196 | D:2      | Noticed a hippogriff
  1235 | D:2      | Killed a hippogriff
  1235 | D:2      | Reached XP level 5. HP: 7/27 MP: 3/6
  1235 | D:2      | Reached XP level 6. HP: 8/32 MP: 3/7
  1972 | D:3      | Found a basalt altar of Yredelemnul.
  1975 | D:3      | Found an iron altar of Okawaru.
  2102 | D:3      | Found a blossoming altar of Fedhas.
  2294 | D:3      | Found a sacrificial altar of Ru.
  2397 | D:3      | Noticed emikaela's ghost (amateur DrCK)
  2427 | D:3      | Killed emikaela's ghost
  2427 | D:3      | Reached XP level 7. HP: 23/35 MP: 3/8
  3141 | D:4      | Found a glowing drain.
  3148 | Sewer    | Entered a sewer
  4299 | Sewer    | Reached skill level 5 in Shields
  4304 | Sewer    | Reached skill level 5 in Unarmed Combat
  4627 | D:4      | Found a sacrificial altar of Ru.
  4697 | D:4      | Became a worshipper of Ru the Awakened
  4909 | D:4      | Found a sparkling altar of Nemelex Xobeh.
  4977 | D:4      | Gained mutation: You have razor-sharp teeth. [Vine Stalker growth]
  4977 | D:4      | Reached XP level 8. HP: 26/39 MP: 5/9
  5157 | D:4      | Reached skill level 5 in Armour
  5233 | D:5      | Entered Level 5 of the Dungeon
  5611 | D:5      | Found Rynkaats's Antique Weapon Shop.
  5724 | D:5      | Gained mutation: You cannot be stealthy. [Ru sacrifice]
  5726 | D:5      | Found a shimmering altar of Xom.
  6318 | D:6      | Reached skill level 1 in Dodging
  6371 | D:6      | Reached XP level 9. HP: 41/44 MP: 8/10
  7077 | D:7      | Got a fine silver ring
  7078 | D:7      | Identified the ring "Eva Qoch" {Int+2 SInv Stlth-} (You found it on level 7 of the Dungeon)
  7374 | D:7      | Found a staircase to the Ecumenical Temple.
  7567 | Temple   | Entered the Ecumenical Temple
  7839 | D:7      | Found Omaun's Food Boutique.
  7858 | D:7      | Reached XP level 10. HP: 46/51 MP: 9/11
  7878 | D:7      | Gained mutation: You cannot study or cast Poison magic. [Ru sacrifice]
  7878 | D:7      | Gained mutation: You cannot study or cast Necromancy magic. [Ru sacrifice]
  7878 | D:7      | Gained mutation: You cannot study or cast Conjurations magic. [Ru sacrifice]
  7878 | D:7      | Reached * piety under Ru
  7878 | D:7      | Reached ** piety under Ru
  7997 | D:8      | Found an ornate altar of the Wu Jian Council.
  8082 | D:8      | Reached skill level 5 in Fighting
  8453 | D:9      | Gained mutation: You are somewhat resistant to further mutation. [potion of mutation]
  8453 | D:9      | Gained mutation: You have a pair of small horns on your head. [potion of mutation]
  8453 | D:9      | Gained mutation: You are partially covered in slimy green scales. (AC +2) [potion of mutation]
  8470 | D:9      | Found an ornate altar of the Wu Jian Council.
  8777 | D:9      | Found a staircase to the Orcish Mines.
  8991 | D:9      | Found a hazy altar of Hepliaklqana.
  8996 | D:9      | Found a transporter.
  8996 | D:9      | Found an opulent altar of Gozag.
  8996 | D:9      | Found a transporter.
  8997 | D:9      | Found a radiant altar of Vehumet.
  8997 | D:9      | Noticed a deep elf archer
  9003 | D:9      | Noticed a two-headed ogre
  9219 | D:10     | Entered Level 10 of the Dungeon
  9224 | D:10     | Found a flagged portal.
  9263 | Bailey   | Entered a bailey
  9827 | Bailey   | Found a roughly hewn altar of Beogh.
  9827 | Bailey   | Noticed an orc knight
  9834 | Bailey   | Slain by an orc knight

Vault maps used:
D:1:      dpeg_arrival_chase
D:2:      minmay_misc_feat_diagonals, minivault_24
D:3:      nicolae_overflow_hidden_temple, lemuel_round_altar, first_ration
D:4:      nemelex_xobeh_ov_fountains_minmay, enter_ossuary_3,
          portal_sewer_entry_e, nicolae_ru_path_of_blood
D:5:      brannock_xom_greatest_gift, serial_shops, shop
D:7:      corexii_shack_village, minmay_temple_entry_glass, serial_shops, shop,
          grunt_ogre_cave
D:8:      basic_altar
D:9:      overflow_temple_1_default, old_standard_altar,
          gammafunk_temple_overflow_arena, orc_0_dummy
D:10:     enter_bailey_1
Temple:   minmay_temple_curvy_loop
Sewer:    sewer_sea
Bailey:   bailey_polearm_2, bailey

Skill      XL: |  1  2  3  4  5  6  7  8  9 10 |
---------------+-------------------------------+-----
Shields        | 3 4 5 6 7 8 |  8.0
Armour         | 3 4 5 6 7 |  7.3
Unarmed Combat | 3 4 5 6 7 8 |  8.4
Fighting       | 3 4 5 |  5.8
Dodging        | 1 3 4 |  4.5
Evocations     | |  0.9

Action                   |  1- 3 |  4- 6 |  7- 9 | 10-12 || total
-------------------------+-------+-------+-------+-------++-------
Melee: Unarmed           |   118 |   161 |   683 |   246 ||  1208
       Bite              |    37 |    46 |   192 |    88 ||   363
       Headbutt          |       |       |       |    29 ||    29
Invok: Sacrifice Stealth |       |       |     1 |       ||     1
       Sacrifice Arcana  |       |       |       |     1 ||     1
Evoke: Wand              |       |       |       |    10 ||    10
  Use: Scroll            |       |     6 |    14 |     6 ||    26
       Potion            |       |     3 |     5 |     3 ||    11
  Eat: Chunk             |       |     2 |    14 |     4 ||    20
       Ration            |       |     1 |     3 |     1 ||     5
Armor: Scale mail        |    27 |       |       |       ||    27
       Ring mail         |    35 |    47 |   139 |       ||   221
       Skin              |       |     4 |    12 |     3 ||    19
       Chain mail        |       |       |   137 |    59 ||   196
       Troll leather arm |       |       |       |    18 ||    18
Dodge: Dodged            |    47 |    39 |   172 |    68 ||   326
Block: Shield            |    58 |    64 |   335 |   232 ||   689
       Reflection        |       |       |       |    36 ||    36

Table legend:
 A = Spawn XP
 B = Non-spawn XP
 C = Spawn XP percentage of total XP
 D = Spawn monster count
 E = Non-spawn monster count
 F = Spawn count percentage of total count
 G = Total turns spent on level
                    A         B        C        D         E        F      G
               +---------+---------+-------+---------+---------+-------+---------
         Total |       0 |    9114 |   0.0 |       0 |     299 |   0.0 |  9834
               +---------+---------+-------+---------+---------+-------+---------
           D:1 |       0 |      49 |   0.0 |       0 |      26 |   0.0 |   802
           D:2 |       0 |     344 |   0.0 |       0 |      28 |   0.0 |  1168
           D:3 |       0 |     388 |   0.0 |       0 |      29 |   0.0 |  1118
           D:4 |       0 |     403 |   0.0 |       0 |      23 |   0.0 |   751
           D:5 |       0 |     683 |   0.0 |       0 |      19 |   0.0 |   960
           D:6 |       0 |    1189 |   0.0 |       0 |      26 |   0.0 |   711
           D:7 |       0 |    1649 |   0.0 |       0 |      40 |   0.0 |   883
           D:8 |       0 |    1530 |   0.0 |       0 |      21 |   0.0 |   453
           D:9 |       0 |    1273 |   0.0 |       0 |      24 |   0.0 |   769
          D:10 |       0 |      43 |   0.0 |       0 |       1 |   0.0 |    44
         Sewer |       0 |     184 |   0.0 |       0 |      40 |   0.0 |  1394
        Bailey |       0 |    1379 |   0.0 |       0 |      22 |   0.0 |   571
               +---------+---------+-------+---------+---------+-------+---------
